[Event "ICC tourney 2190 (3 2)"]
[Site "Internet Chess Club"]
[Date "2020.12.09"]
[Round "1"]
[White "NonnaThat"]
[Black "keb2020"]
[Result "0-1"]
[ICCResult "White checkmated"]
[WhiteElo "2013"]
[BlackElo "1832"]
[Opening "Pirc: Byrne variation"]
[ECO "B07"]
[NIC "PU.09"]
[Time "20:01:37"]
[PlyCount "120"]
[TimeControl "180+2"]


1. e4 d6 2. d4 Nf6 3. Nc3 g6 4. Bg5 Bg7 5. f4 h6 6. Bh4 O-O 7. Qd2 e5 8.
fxe5 dxe5 9. d5 c6 10. O-O-O Bg4 11. Nf3 Qc7 12. Bg3 Nbd7 13. h3 Bxf3 14.
gxf3 cxd5 15. Nxd5 Nxd5 16. Qxd5 Rac8 17. Rh2 Nb6 18. Qd6 Rfd8 19. Qxc7
Rxd1+ 20. Kxd1 Rxc7 21. Bd3 Nc4 22. c3 Rd7 23. Kc2 Ne3+ 24. Kb3 Rxd3 25.
Kb4 Nf1 26. Rg2 Nxg3 27. Rxg3 Rd2 28. Kb3 Kf8 29. c4 Ke7 30. Kc3 Rd8 31. b3
Ke6 32. Rg2 h5 33. a3 Bh6 34. Kb4 Be3 35. Re2 Bd4 36. Kb5 Rc8 37. Rd2 a6+
38. Ka4 Rc5 39. Rc2 b5+ 40. Kb4 a5+ 41. Kxa5 bxc4+ 42. Kb4 cxb3 43. Kxb3
Rxc2 44. Kxc2 Kd6 45. Kb3 Kc5 46. a4 Kb6 47. Kc4 f5 48. Kd5 fxe4 49. fxe4
g5 50. Ke6 g4 51. hxg4 hxg4 52. Kf5 g3 53. Ke6 g2 54. a5+ Kxa5 55. Kd7 g1=Q
56. Kd8 Qe3 57. Kc8 Qh6 58. Kd8 Qh7 59. Kc8 Kb6 60. Kb8 Qb7# { White
checkmated } 0-1

[Event "ICC tourney 2190 (3 2)"]
[Site "Internet Chess Club"]
[Date "2020.12.09"]
[Round "1"]
[White "mdbgaccp"]
[Black "SupaHotFiya"]
[Result "0-1"]
[ICCResult "White resigns"]
[WhiteElo "1804"]
[BlackElo "1982"]
[Opening "Old Indian defense"]
[ECO "A42"]
[NIC "OI.07"]
[Time "20:01:28"]
[PlyCount "126"]
[TimeControl "180+2"]


1. d4 d6 2. c4 e5 3. e3 g6 4. Nf3 Bg7 5. dxe5 dxe5 6. Qxd8+ Kxd8 7. Nc3 c6
8. e4 Bh6 9. Nxe5 Ke7 10. Be2 Be6 11. O-O Na6 12. f4 Bg7 13. Be3 f6 14. Nf3
Nh6 15. Nd4 Bd7 16. h3 Nf7 17. Rad1 Rhe8 18. Nb3 b6 19. c5 b5 20. a4 Nc7
21. axb5 cxb5 22. Nd5+ Nxd5 23. exd5 Bf5 24. Bd3 Kf8 25. Bd4 Bxd3 26. Rxd3
a5 27. c6 Kg8 28. Nc5 Rad8 29. Bf2 Bf8 30. Rfd1 Rd6 31. Nb7 b4 32. Nxd6
Bxd6 33. g3 a4 34. Rc1 Rc8 35. Bc5 Bc7 36. d6 Ba5 37. d7 Rxc6 38. Kg2 Nd8
39. Re3 Kf7 40. Re7+ Kg8 41. Re8+ Kg7 42. Bf8+ Kf7 43. Rxc6 Nxc6 44. Rc8
Nd8 45. Bc5 Ke6 46. Rxd8 Bxd8 47. Bxb4 Kxd7 48. Kf3 Ke6 49. Ke4 Bb6 50. g4
f5+ 51. gxf5+ gxf5+ 52. Kf3 Kd5 53. h4 Kc4 54. Ba3 Bd4 55. Ke2 Kb3 56. Be7
Bxb2 57. Kd3 Bc1 58. Kd4 Bxf4 59. Kd5 Bg3 60. h5 f4 61. Ke4 a3 62. Bf6 Kc2
63. Kf5 f3 { White resigns } 0-1

[Event "ICC tourney 2190 (3 2)"]
[Site "Internet Chess Club"]
[Date "2020.12.09"]
[Round "1"]
[White "atevifred"]
[Black "clair"]
[Result "0-1"]
[ICCResult "White resigns"]
[WhiteElo "1846"]
[BlackElo "1682"]
[Opening "Réti opening"]
[ECO "A04"]
[NIC "QP.11"]
[Time "20:01:25"]
[PlyCount "158"]
[TimeControl "180+2"]


1. Nf3 g6 2. c4 Bg7 3. g3 e6 4. Bg2 Ne7 5. d3 O-O 6. O-O c6 7. Na3 d5 8.
Nc2 Nd7 9. Rb1 Nf6 10. Re1 h6 11. b3 a5 12. Ba3 a4 13. b4 b5 14. c5 Qc7 15.
Bb2 Nd7 16. Bxg7 Kxg7 17. a3 Ne5 18. Nxe5 Qxe5 19. d4 Qg5 20. f4 Qf6 21.
Ne3 Nf5 22. Ng4 Qxd4+ 23. Qxd4+ Nxd4 24. e4 h5 25. Ne5 f6 26. Nd3 Bb7 27.
Nf2 Rae8 28. Rbc1 Bc8 29. Re3 g5 30. Kh1 e5 31. f5 Rd8 32. Rd3 dxe4 33.
Bxe4 Nxf5 34. Rcd1 Rxd3 35. Rxd3 Nd4 36. Rxd4 exd4 37. Bxc6 Rd8 38. Nd3 Bf5
39. Bxb5 Bxd3 40. Bxd3 Re8 41. c6 Re3 42. c7 Rxd3 43. c8=Q Rxa3 44. Qd7+
Kg6 45. Qxd4 Rb3 46. Qe4+ Kg7 47. Qc4 Rb1+ 48. Kg2 Rb2+ 49. Kf3 a3 50. Qc3
Rxh2 51. Qxa3 h4 52. gxh4 Rh3+ 53. Kg4 Rxa3 54. hxg5 fxg5 55. Kxg5 Rb3 56.
Kf5 Rxb4 57. Ke5 Kf7 58. Kd5 Ke7 59. Kc5 Re4 60. Kd5 Re1 61. Kd4 Kd6 62.
Kd3 Kd5 63. Kd2 Re8 64. Kd3 Re5 65. Kd2 Kd4 66. Kc2 Kc4 67. Kd2 Re4 68. Kc2
Re3 69. Kd2 Kd4 70. Kc2 Re2+ 71. Kb3 Rd2 72. Kb4 Rb2+ 73. Ka3 Rb8 74. Ka4
Kc4 75. Ka5 Kc5 76. Ka6 Kc6 77. Ka7 Rb1 78. Ka8 Ra1+ 79. Kb8 Ra2 { White
resigns } 0-1

[Event "ICC tourney 2190 (3 2)"]
[Site "Internet Chess Club"]
[Date "2020.12.09"]
[Round "1"]
[White "OctopusYule"]
[Black "IndianTerritory"]
[Result "0-1"]
[ICCResult "White resigns"]
[WhiteElo "1833"]
[BlackElo "2183"]
[Opening "Caro-Kann: Tartakower (Nimzovich) variation"]
[ECO "B15"]
[NIC "CK.06"]
[Time "20:01:24"]
[PlyCount "146"]
[TimeControl "180+2"]


1. e4 c6 2. d4 d5 3. Nc3 dxe4 4. Nxe4 Nf6 5. Nxf6+ exf6 6. Nf3 Bg4 7. Be2
Bd6 8. O-O O-O 9. c3 Nd7 10. h3 Bf5 11. Bd3 Bxd3 12. Qxd3 Re8 13. Bd2 Qb6
14. b3 Rad8 15. Rfe1 Re6 16. Rxe6 fxe6 17. Re1 Re8 18. Qc4 Nf8 19. Nh4 Qa5
20. a4 Rd8 21. Be3 Qd5 22. Qxd5 cxd5 23. c4 Bb4 24. Rc1 Rc8 25. cxd5 Rxc1+
26. Bxc1 exd5 27. Nf5 Ne6 28. Bb2 Kf7 29. Ne3 Nc7 30. Kf1 Ke7 31. Ke2 Kd6
32. Kd3 g6 33. Bc3 Bxc3 34. Kxc3 Ne6 35. Kd3 Nf4+ 36. Kd2 h5 37. h4 Kc6 38.
g3 Ne6 39. Kd3 Nc7 40. f4 f5 41. Nd1 b5 42. axb5+ Kxb5 43. Kc3 a5 44. Nf2
Ne8 45. Nd3 Nd6 46. Ne5 Ne4+ 47. Kc2 Nxg3 48. Nxg6 Ne2 49. Kd3 Nc1+ 50. Kc2
Ne2 51. Kd3 Ng3 52. Ne7 Kb4 53. Nxd5+ Kxb3 54. Nb6 Ne4 55. d5 Nd6 56. Kd4
Kb4 57. Ke5 Nb7 58. Kxf5 Kb5 59. Nd7 a4 60. Ne5 Nd6+ 61. Kg5 a3 62. Nd3 a2
63. Kxh5 a1=Q 64. Kg6 Qd4 65. Ne5 Qxf4 66. h5 Qxe5 67. h6 Qh8 68. h7 Kc5
69. Kg5 Kxd5 70. Kg4 Ke6 71. Kf4 Qxh7 72. Ke3 Qf5 73. Kd4 Qe5+ { White
resigns } 0-1

[Event "ICC tourney 2190 (3 2)"]
[Site "Internet Chess Club"]
[Date "2020.12.09"]
[Round "2"]
[White "IndianTerritory"]
[Black "SuperPuzzler"]
[Result "1-0"]
[ICCResult "Black resigns"]
[WhiteElo "2183"]
[BlackElo "1969"]
[Opening "Sicilian: classical"]
[ECO "B72"]
[NIC "SI.25"]
[Time "20:41:33"]
[PlyCount "57"]
[TimeControl "180+2"]


1. e4 c5 2. Nf3 d6 3. d4 cxd4 4. Nxd4 Nf6 5. Nc3 Nc6 6. Be2 g6 7. Be3 Bg7
8. f3 Bd7 9. O-O O-O 10. Qd2 a6 11. Rad1 Rc8 12. g4 b5 13. h4 h5 14. g5 Ne8
15. f4 b4 16. Nd5 a5 17. Nxc6 Rxc6 18. Bb5 e6 19. Bxc6 Bxc6 20. Bb6 Qd7 21.
Nf6+ Nxf6 22. gxf6 Bxf6 23. e5 Bxh4 24. Qxd6 Qb7 25. Bxa5 Bg2 26. Qxb4 Bxf1
27. Qxb7 Bh3 28. Rd7 Bg4 29. Bb4 { Black resigns } 1-0

[Event "ICC tourney 2190 (3 2)"]
[Site "Internet Chess Club"]
[Date "2020.12.09"]
[Round "2"]
[White "OctopusYule"]
[Black "atevifred"]
[Result "0-1"]
[ICCResult "White resigns"]
[WhiteElo "1833"]
[BlackElo "1846"]
[Opening "Caro-Kann: Bronstein-Larsen variation"]
[ECO "B16"]
[NIC "CK.07"]
[Time "20:41:35"]
[PlyCount "92"]
[TimeControl "180+2"]


1. e4 c6 2. d4 d5 3. Nc3 dxe4 4. Nxe4 Nf6 5. Nxf6+ gxf6 6. Nf3 Bg4 7. Be2
e6 8. h3 Bh5 9. c3 Bd6 10. O-O Qc7 11. Nd2 Bxe2 12. Qxe2 Nd7 13. Ne4 O-O-O
14. Nxd6+ Qxd6 15. a4 Rdg8 16. a5 h5 17. a6 b6 18. Qf3 Rg6 19. Bf4 Qd5 20.
Qxd5 cxd5 21. h4 Rhg8 22. g3 e5 23. Be3 Rg4 24. Kh2 f5 25. dxe5 Nxe5 26.
Bf4 Nf3+ 27. Kh1 f6 28. Rad1 Rd8 29. Rd3 Ne5 30. Rdd1 Ng6 31. Be3 f4 32.
Bxf4 Nxf4 33. gxf4 Rxh4+ 34. Kg2 Rxf4 35. Rd4 Rg8+ 36. Kh3 Rf3+ 37. Kh2 f5
38. Rxd5 Rg4 39. Rd4 f4 40. c4 Rh4+ 41. Kg2 Rfh3 42. Rg1 f3+ 43. Kf1 Rxd4
44. Rg8+ Kc7 45. Rg7+ Kc6 46. Rg6+ Kc5 { White resigns } 0-1

[Event "ICC tourney 2190 (3 2)"]
[Site "Internet Chess Club"]
[Date "2020.12.09"]
[Round "2"]
[White "clair"]
[Black "NonnaThat"]
[Result "0-1"]
[ICCResult "White forfeits on time"]
[WhiteElo "1682"]
[BlackElo "2013"]
[Opening "Queen's pawn: London system"]
[ECO "A45"]
[NIC "QP.07"]
[Time "20:41:40"]
[PlyCount "76"]
[TimeControl "180+2"]


1. d4 Nf6 2. Bf4 e6 3. e3 Be7 4. h3 d6 5. Nf3 Nbd7 6. Bd3 O-O 7. Nbd2 a6 8.
O-O b5 9. c3 Bb7 10. Re1 c5 11. Bh2 Rc8 12. Rc1 Qa5 13. Bb1 h6 14. e4 cxd4
15. Nxd4 Qb6 16. N4f3 Nc5 17. e5 dxe5 18. Nxe5 Rfd8 19. Qe2 Na4 20. Ndf3 a5
21. Nd4 Ba6 22. Ng4 b4 23. Nxf6+ Bxf6 24. Qe4 bxc3 25. Qh7+ Kf8 26. bxc3
Rxc3 27. Qh8+ Ke7 28. Nf5+ Kd7 29. Rcd1+ Kc8 30. Rxd8+ Qxd8 31. Qxd8+ Kxd8
32. Rd1+ Ke8 33. Nd6+ Ke7 34. Ne4 Rc6 35. Nxf6 Kxf6 36. Re1 Rc5 37. Bd6 Rd5
38. Bf8 Nc3 { White forfeits on time } 0-1

[Event "ICC tourney 2190 (3 2)"]
[Site "Internet Chess Club"]
[Date "2020.12.09"]
[Round "2"]
[White "SupaHotFiya"]
[Black "keb2020"]
[Result "1/2-1/2"]
[ICCResult "Game drawn by repetition"]
[WhiteElo "1982"]
[BlackElo "1832"]
[Opening "Pirc defense"]
[ECO "B07"]
[NIC "PU.07"]
[Time "20:41:40"]
[PlyCount "149"]
[TimeControl "180+2"]


1. e4 d6 2. d4 Nf6 3. Nc3 g6 4. Nge2 Bg7 5. h3 Nc6 6. Be3 e5 7. d5 Ne7 8.
g4 h5 9. g5 Nd7 10. h4 O-O 11. Ng3 Nc5 12. b4 Na6 13. a3 c6 14. Bc4 cxd5
15. Nxd5 Nxd5 16. Bxd5 Nc7 17. c3 Nxd5 18. exd5 Qc7 19. Rc1 a5 20. c4 axb4
21. axb4 Re8 22. O-O Bg4 23. Qb3 Rec8 24. c5 Qe7 25. Ne4 Bh3 26. Rfe1 Qd7
27. Ng3 Bf8 28. Rc4 Ra6 29. b5 Ra5 30. c6 bxc6 31. bxc6 Qe7 32. Re4 Bf5 33.
Ra4 Rxa4 34. Qxa4 e4 35. Bd4 Bg7 36. Bxg7 Kxg7 37. Qd4+ Kg8 38. Nxe4 Bxe4
39. Qxe4 Qc7 40. Qe7 Qa5 41. Re4 Qxd5 42. c7 Qd1+ 43. Kg2 Qd5 44. f3 Qb7
45. Qxd6 Qxc7 46. Qf6 Qc2+ 47. Kg3 Qc7+ 48. Rf4 Rf8 49. Qd4 Rd8 50. Qc4
Qxc4 51. Rxc4 Kg7 52. Rc7 Rd1 53. Rc2 Rg1+ 54. Rg2 Rxg2+ 55. Kxg2 f6 56. f4
Kf7 57. Kf3 fxg5 58. fxg5 Ke6 59. Ke4 Kd6 60. Kd4 Ke6 61. Ke4 Kd6 62. Kd4
Ke6 63. Ke4 Kd6 64. Kd4 Ke6 65. Ke4 Kd6 66. Kd4 Ke6 67. Ke4 Kd6 68. Kd4 Ke6
69. Ke4 Kd6 70. Kd4 Ke6 71. Ke4 Kd6 72. Kd4 Ke6 73. Ke4 Kd6 74. Kd4 Ke6 75.
Ke4 { Game drawn by repetition } 1/2-1/2

[Event "ICC tourney 2190 (3 2)"]
[Site "Internet Chess Club"]
[Date "2020.12.09"]
[Round "3"]
[White "SupaHotFiya"]
[Black "IndianTerritory"]
[Result "1-0"]
[ICCResult "Black checkmated"]
[WhiteElo "1982"]
[BlackElo "2183"]
[Opening "Caro-Kann: exchange variation"]
[ECO "B13"]
[NIC "CK.02"]
[Time "21:01:14"]
[PlyCount "79"]
[TimeControl "180+2"]


1. e4 c6 2. d4 d5 3. exd5 cxd5 4. Bd3 Nc6 5. c3 Nf6 6. f4 e6 7. Nf3 Bd6 8.
Ne5 Bd7 9. O-O O-O 10. Nd2 Be8 11. Rf3 Ne7 12. Rh3 h6 13. g4 Qb6 14. g5 Nh7
15. gxh6 g6 16. Rg3 Nf6 17. h4 Kh8 18. Ndf3 Nh5 19. Rg2 f6 20. Nxg6+ Bxg6
21. Bxg6 Nxf4 22. Bxf4 Bxf4 23. Bc2 Bxh6 24. Ng5 Qxb2 25. Rb1 Qxc3 26. Rb3
Qa5 27. Qh5 Qe1+ 28. Kh2 Ng8 29. Qg6 Qxh4+ 30. Rh3 Qf4+ 31. Kh1 Qf1+ 32.
Rg1 Qxh3+ 33. Nxh3 f5 34. Ng5 Nf6 35. Qxh6+ Kg8 36. Qg6+ Kh8 37. Nf7+ Rxf7
38. Qxf7 Ng4 39. Rxg4 fxg4 40. Qh7# { Black checkmated } 1-0

[Event "ICC tourney 2190 (3 2)"]
[Site "Internet Chess Club"]
[Date "2020.12.09"]
[Round "3"]
[White "keb2020"]
[Black "atevifred"]
[Result "1-0"]
[ICCResult "Black forfeits on time"]
[WhiteElo "1832"]
[BlackElo "1846"]
[Opening "Van't Kruijs opening"]
[ECO "A00"]
[Time "21:01:20"]
[PlyCount "69"]
[TimeControl "180+2"]


1. e3 d5 2. b3 e5 3. Bb2 Bd6 4. f4 Nd7 5. Nf3 Qe7 6. fxe5 Nxe5 7. Be2 Nf6
8. O-O O-O 9. Nc3 c6 10. Nxe5 Bxe5 11. Na4 b5 12. Bxe5 Qxe5 13. Nc5 Qd6 14.
Nd3 c5 15. Nf4 a6 16. Bf3 Bb7 17. c4 b4 18. Qc2 Bc6 19. Nxd5 Nxd5 20. Bxd5
Bxd5 21. cxd5 Qxd5 22. Rf5 Qe6 23. Rxc5 Rac8 24. Rc1 Rcd8 25. Rc6 Qg4 26.
d4 h5 27. Rxa6 h4 28. Qd1 Qe4 29. Qf3 Qd3 30. Ra7 Qd2 31. Rf1 f6 32. h3 Rf7
33. Rxf7 Kxf7 34. Qb7+ Kf8 35. Kh1 { Black forfeits on time } 1-0

[Event "ICC tourney 2190 (3 2)"]
[Site "Internet Chess Club"]
[Date "2020.12.09"]
[Round "3"]
[White "NonnaThat"]
[Black "mdbgaccp"]
[Result "1-0"]
[ICCResult "Black resigns"]
[WhiteElo "2013"]
[BlackElo "1804"]
[Opening "Ruy Lopez: Berlin defense"]
[ECO "C65"]
[NIC "RL.07"]
[Time "21:01:58"]
[PlyCount "121"]
[TimeControl "180+2"]


1. e4 e5 2. Nf3 Nc6 3. Bb5 Nf6 4. d3 Bc5 5. O-O d6 6. h3 h6 7. c3 O-O 8. d4
exd4 9. cxd4 Bb6 10. Nc3 Re8 11. Re1 Bd7 12. Bf4 a6 13. Bxc6 Bxc6 14. d5
Bd7 15. Nd4 Qe7 16. Rc1 Ba5 17. a3 b5 18. b4 Bb6 19. e5 dxe5 20. Bxe5 Qd8
21. Bxf6 Qxf6 22. Nf3 Rxe1+ 23. Qxe1 Re8 24. Qd2 Bxh3 25. d6 cxd6 26. Nd5
Qg6 27. Nf4 Qf5 28. Nxh3 g5 29. Re1 Rc8 30. Qxd6 g4 31. Qxb6 gxf3 32. Qxh6
Qg4 33. Qg5+ Qxg5 34. Nxg5 fxg2 35. Kxg2 Rc3 36. Re3 Rc2 37. Ne4 f5 38. Nc5
Kf7 39. Nxa6 Kf6 40. Nc5 f4 41. Re4 Kf5 42. Re8 Ra2 43. Rf8+ Kg5 44. Rb8
Kg4 45. Rxb5 f3+ 46. Kg1 Ra1+ 47. Kh2 Ra2 48. Nd3 Rxa3 49. Ne5+ Kf4 50.
Ng6+ Kg4 51. Ne5+ Kf4 52. Nd7 Ra8 53. Rh5 Rg8 54. Rh4+ Kf5 55. Rh3 Kf4 56.
Rh4+ Kf5 57. Rh3 Kf4 58. Nc5 Rg2+ 59. Kh1 Rxf2 60. Nd3+ Kg4 61. Nxf2+ {
Black resigns } 1-0

[Event "ICC tourney 2190 (3 2)"]
[Site "Internet Chess Club"]
[Date "2020.12.09"]
[Round "3"]
[White "SuperPuzzler"]
[Black "clair"]
[Result "1-0"]
[ICCResult "Black checkmated"]
[WhiteElo "1969"]
[BlackElo "1682"]
[Opening "Robatsch (modern) defense"]
[ECO "B06"]
[NIC "KF.05"]
[Time "21:01:10"]
[PlyCount "191"]
[TimeControl "180+2"]


1. e4 g6 2. d4 Bg7 3. Nf3 e6 4. c4 Ne7 5. Nc3 d5 6. Be2 dxe4 7. Nxe4 h6 8.
O-O O-O 9. Be3 Nf5 10. Qd2 Nxe3 11. fxe3 Nd7 12. Kh1 Nf6 13. Nxf6+ Qxf6 14.
Rad1 Qe7 15. e4 b6 16. a3 Bb7 17. Qe3 Rac8 18. Bd3 c5 19. Rfe1 Rfe8 20. Qf2
Qd6 21. d5 exd5 22. exd5 Qf6 23. Rd2 Red8 24. h3 Rd6 25. Qh4 Qxh4 26. Nxh4
Rcd8 27. Re7 Ba8 28. Rxa7 R6d7 29. Rxd7 Rxd7 30. Nf3 b5 31. b3 Kf8 32. Kg1
Ra7 33. Ra2 b4 34. a4 Re7 35. Kf2 Bb7 36. a5 Ba6 37. Re2 Bc3 38. Nd2 Bd4+
39. Kf3 f5 40. Rxe7 Kxe7 41. g4 fxg4+ 42. hxg4 g5 43. Ne4 Be5 44. Ng3 Bc7
45. Nf5+ Kf6 46. Nxh6 Bxa5 47. Nf5 Bc8 48. Ne3 Bc7 49. Bf5 Bxf5 50. Nxf5
Bf4 51. Ke4 Bh2 52. Ne3 Bf4 53. Ng2 Bg3 54. Ne3 Bf4 55. Nd1 Bg3 56. Nb2 Bd6
57. Nd3 Be7 58. Ne5 Bd6 59. Nd7+ Kg6 60. Nb6 Kf6 61. Nc8 Bf8 62. Nb6 Bd6
63. Nd7+ Kg6 64. Ne5+ Kf6 65. Nc6 Kg6 66. Na5 Kf6 67. Nb7 Bf8 68. d6 Ke6
69. Nxc5+ Kxd6 70. Nd3 Ke6 71. Ne5 Bd6 72. Nf3 Bf4 73. Kd4 Kd6 74. Ne1 Bd2
75. Nd3 Kc6 76. Ke5 Kc7 77. Kd5 Kd7 78. Kc5 Kd8 79. Nxb4 Kd7 80. Nd5 Ke6
81. b4 Kd7 82. b5 Bc1 83. b6 Ba3+ 84. Kb5 Kc8 85. c5 Kb7 86. c6+ Kb8 87.
Nb4 Bb2 88. Na6+ Kc8 89. b7+ Kd8 90. b8=Q+ Ke7 91. c7 Be5 92. Qd8+ Ke6 93.
c8=Q+ Kf7 94. Qcd7+ Kg6 95. Qg8+ Bg7 96. Qgxg7# { Black checkmated } 1-0

[Event "ICC tourney 2190 (3 2)"]
[Site "Internet Chess Club"]
[Date "2020.12.09"]
[Round "4"]
[White "IndianTerritory"]
[Black "keb2020"]
[Result "1-0"]
[ICCResult "Black checkmated"]
[WhiteElo "2183"]
[BlackElo "1832"]
[Opening "Pirc defense"]
[ECO "B07"]
[NIC "PU.07"]
[Time "21:17:50"]
[PlyCount "47"]
[TimeControl "180+2"]


1. e4 d6 2. d4 Nf6 3. Nc3 g6 4. Be3 Bg7 5. f3 Nc6 6. Bb5 Bd7 7. Nge2 a6 8.
Bc4 b5 9. Bb3 e5 10. dxe5 Nxe5 11. Rg1 b4 12. Nd5 Nxd5 13. Bxd5 c6 14. Bb3
O-O 15. Qxd6 a5 16. Bf4 a4 17. Bxe5 axb3 18. Bxg7 Rxa2 19. Bxf8 Rxa1+ 20.
Kd2 Rxg1 21. Be7 Qb6 22. Qxd7 Rxg2 23. Qe8+ Kg7 24. Qf8# { Black checkmated
} 1-0

[Event "ICC tourney 2190 (3 2)"]
[Site "Internet Chess Club"]
[Date "2020.12.09"]
[Round "4"]
[White "SuperPuzzler"]
[Black "SupaHotFiya"]
[Result "1/2-1/2"]
[ICCResult "Game drawn by repetition"]
[WhiteElo "1969"]
[BlackElo "1982"]
[Opening "Robatsch (modern) defense"]
[ECO "B06"]
[NIC "KF.05"]
[Time "21:16:57"]
[PlyCount "105"]
[TimeControl "180+2"]


1. e4 g6 2. d4 Bg7 3. Nf3 d6 4. Be2 Nf6 5. Nbd2 O-O 6. O-O Nc6 7. c3 e5 8.
Re1 Nd7 9. Nf1 f5 10. Bc4+ Kh8 11. Ng5 Nb6 12. Nf7+ Rxf7 13. Bxf7 exd4 14.
cxd4 Nxd4 15. Ng3 Qf6 16. Bb3 c5 17. exf5 Nxf5 18. Ne4 Qf8 19. Qe2 d5 20.
Nc3 c4 21. Bd1 Bd7 22. Bg5 Bc6 23. Qf1 d4 24. Ne4 d3 25. Rb1 Re8 26. Ng3
Nd4 27. Rxe8 Qxe8 28. Be3 Nd5 29. Bxd4 Bxd4 30. Bf3 b5 31. Re1 Qf7 32. Ne4
Qf4 33. Ng3 Bxb2 34. Re6 Bd7 35. Bxd5 Bxe6 36. Bxe6 Qc1 37. Qxc1 Bxc1 38.
Ne4 d2 39. Bg4 b4 40. Bd1 Kg7 41. Kf1 c3 42. Ke2 Kf7 43. Kd3 a5 44. Kc4 Ba3
45. Kb5 Ke6 46. Kxa5 Ke5 47. f3 Kd4 48. Kb5 Kd3 49. Nf2+ Ke3 50. Ng4+ Kd3
51. Nf2+ Ke3 52. Ng4+ Kd3 53. Nf2+ { Game drawn by repetition } 1/2-1/2

[Event "ICC tourney 2190 (3 2)"]
[Site "Internet Chess Club"]
[Date "2020.12.09"]
[Round "4"]
[White "mdbgaccp"]
[Black "OctopusYule"]
[Result "1-0"]
[ICCResult "Black resigns"]
[WhiteElo "1804"]
[BlackElo "1833"]
[Opening "QGD: Ragozin variation"]
[ECO "D38"]
[NIC "NI.27"]
[Time "21:16:51"]
[PlyCount "115"]
[TimeControl "180+2"]


1. d4 Nf6 2. c4 e6 3. Nf3 d5 4. Nc3 Bb4 5. Qb3 Bxc3+ 6. Qxc3 O-O 7. Bg5 h6
8. Bxf6 Qxf6 9. e3 Nc6 10. Bd3 dxc4 11. Bxc4 Bd7 12. O-O Rfe8 13. Rac1 Ne7
14. Ne5 Bc6 15. Bd3 Nd5 16. Qb3 Ne7 17. Nxc6 Nxc6 18. Qxb7 Ne7 19. Qxc7 Nf5
20. Bxf5 Qxf5 21. Qg3 Rab8 22. b3 Qa5 23. Rc2 Rec8 24. Rxc8+ Rxc8 25. a4
Qb4 26. Qe5 Qxb3 27. a5 Rd8 28. Qc7 Rd5 29. Qxa7 Qa4 30. Qb8+ Kh7 31. Qb7
Rd7 32. Qe4+ Kg8 33. Rb1 Qxa5 34. Rb8+ Rd8 35. Rxd8+ Qxd8 36. g3 Qb6 37.
Kg2 g6 38. Qe5 Qc6+ 39. e4 f5 40. d5 exd5 41. Qxd5+ Qxd5 42. exd5 Kf7 43.
Kf3 Ke7 44. Ke3 Kd6 45. Kd4 g5 46. f3 h5 47. h3 g4 48. fxg4 fxg4 49. hxg4
hxg4 50. Ke4 Kd7 51. Ke5 Ke7 52. Kf5 Kd6 53. Kxg4 Kxd5 54. Kf5 Kd6 55. Kf6
Kd7 56. Kf7 Kd6 57. g4 Ke5 58. g5 { Black resigns } 1-0

[Event "ICC tourney 2190 (3 2)"]
[Site "Internet Chess Club"]
[Date "2020.12.09"]
[Round "4"]
[White "atevifred"]
[Black "NonnaThat"]
[Result "0-1"]
[ICCResult "White resigns"]
[WhiteElo "1846"]
[BlackElo "2013"]
[Opening "Réti opening"]
[ECO "A04"]
[NIC "QP.11"]
[Time "21:17:30"]
[PlyCount "128"]
[TimeControl "180+2"]


1. Nf3 g6 2. c4 Bg7 3. Nc3 d6 4. b3 Nf6 5. Bb2 e5 6. d3 O-O 7. g3 c6 8. Bg2
h6 9. O-O Be6 10. Qc2 Na6 11. a3 Nc7 12. e4 Rc8 13. b4 Nd7 14. a4 f5 15. b5
g5 16. Nd2 f4 17. Ba3 Nc5 18. Nb3 f3 19. Bh1 Nxb3 20. Qxb3 Qd7 21. Rab1 Bh3
22. Bxd6 Qxd6 23. c5+ Qe6 24. Qxe6+ Nxe6 25. Rfd1 Nxc5 26. b6 a6 27. a5
Rcd8 28. Rbc1 Nxd3 29. Rc2 Nb4 30. Rcd2 Rxd2 31. Rxd2 Be6 32. Rd6 Kf7 33.
Nd1 Ke7 34. Rd2 g4 35. h3 h5 36. Ne3 Rd8 37. Rxd8 Kxd8 38. Kf1 Bh6 39. Nf5
Bxf5 40. exf5 Ke7 41. Ke1 Kf6 42. hxg4 hxg4 43. Kd1 Kxf5 44. Ke1 e4 45. Kf1
Na2 46. Ke1 Nc3 47. Kf1 Na2 48. Ke1 Bg7 49. Kd1 Bc3 50. Kc2 Bxa5 51. Kb3
Bxb6 52. Kxa2 Bxf2 53. Kb3 Bxg3 54. Kb4 f2 55. Bg2 e3 56. Bf1 Bd6+ 57. Ka5
g3 58. Kb6 e2 59. Bxe2 g2 60. Kxb7 g1=Q 61. Bxa6 Qb1+ 62. Kxc6 f1=Q 63.
Bxf1 Qxf1 64. Kxd6 Qd3+ { White resigns } 0-1

[Event "ICC tourney 2190 (3 2)"]
[Site "Internet Chess Club"]
[Date "2020.12.09"]
[Round "5"]
[White "clair"]
[Black "SupaHotFiya"]
[Result "0-1"]
[ICCResult "White checkmated"]
[WhiteElo "1682"]
[BlackElo "1982"]
[Opening "Queen's Pawn"]
[ECO "A41"]
[NIC "QO.17"]
[Time "21:37:17"]
[PlyCount "84"]
[TimeControl "180+2"]


1. d4 d6 2. Bf4 g6 3. e3 Bg7 4. Nc3 Nd7 5. e4 e5 6. dxe5 dxe5 7. Be3 Ngf6
8. Qd2 O-O 9. O-O-O c6 10. f3 b5 11. Bh6 Qa5 12. Bxg7 Kxg7 13. Nge2 b4 14.
Nb1 Qxa2 15. Qxb4 Rb8 16. Qa3 Qxa3 17. Nxa3 Nb6 18. Nc3 Be6 19. h4 Nh5 20.
g4 Nf4 21. h5 Rfd8 22. hxg6 hxg6 23. Ba6 Rd4 24. Rh4 Rbd8 25. Rdh1 Ng2 26.
Rh7+ Kf6 27. Bf1 Ne3 28. Bd3 c5 29. Rg1 c4 30. g5+ Ke7 31. Be2 Rd2 32. Nab5
a6 33. Nc7 Rxc2+ 34. Kb1 Rdd2 35. N7d5+ Nbxd5 36. exd5 Rxb2+ 37. Ka1 Nxd5
38. Nxd5+ Bxd5 39. f4 c3 40. Bxa6 Ra2+ 41. Kb1 Rdb2+ 42. Kc1 Ra1# { White
checkmated } 0-1

[Event "ICC tourney 2190 (3 2)"]
[Site "Internet Chess Club"]
[Date "2020.12.09"]
[Round "5"]
[White "mdbgaccp"]
[Black "SuperPuzzler"]
[Result "0-1"]
[ICCResult "White forfeits on time"]
[WhiteElo "1804"]
[BlackElo "1969"]
[Opening "King's Indian: Sämisch, double fianchetto variation"]
[ECO "E82"]
[NIC "KI.45"]
[Time "21:36:40"]
[PlyCount "84"]
[TimeControl "180+2"]


1. d4 Nf6 2. c4 g6 3. Nc3 Bg7 4. e4 d6 5. f3 O-O 6. Be3 b6 7. Qd2 c5 8.
Nge2 Nc6 9. d5 Ne5 10. Ng3 a6 11. Be2 Rb8 12. O-O Bd7 13. h3 b5 14. cxb5
axb5 15. f4 Nc4 16. Bxc4 bxc4 17. e5 Ne8 18. Qe2 dxe5 19. Bxc5 Rc8 20. Ba3
exf4 21. Nge4 Bf5 22. Rxf4 Nd6 23. Nxd6 exd6 24. Rxc4 Qb6+ 25. Kh1 Rxc4 26.
Qxc4 Rc8 27. Qb3 Qf2 28. Bxd6 Re8 29. Qb5 Rd8 30. Rf1 Qh4 31. Bh2 Bd4 32.
Qb4 Re8 33. Nd1 Bd3 34. Rg1 Qe4 35. Nc3 Qe3 36. Qa4 Rf8 37. d6 Bf5 38. d7
Rd8 39. Qc6 Rxd7 40. Qc8+ Kg7 41. Qc4 Bd3 42. Qc6 Re7 { White forfeits on
time } 0-1

[Event "ICC tourney 2190 (3 2)"]
[Site "Internet Chess Club"]
[Date "2020.12.09"]
[Round "5"]
[White "keb2020"]
[Black "OctopusYule"]
[Result "1/2-1/2"]
[ICCResult "Game drawn because neither player has mating material"]
[WhiteElo "1832"]
[BlackElo "1833"]
[Opening "Van't Kruijs opening"]
[ECO "A00"]
[Time "21:36:40"]
[PlyCount "143"]
[TimeControl "180+2"]


1. e3 e5 2. b3 d5 3. Bb2 Bd6 4. f4 Nc6 5. Bb5 Qe7 6. Nf3 Bg4 7. fxe5 Bxe5
8. Bxe5 Bxf3 9. Qxf3 Qxe5 10. O-O Nf6 11. Nc3 O-O 12. Bxc6 bxc6 13. Rae1
Ne4 14. Nxe4 Qxe4 15. Qxe4 dxe4 16. Rf5 Rad8 17. Re2 Rd6 18. Kf1 g6 19. Ra5
Ra8 20. Ra4 f5 21. g4 a6 22. Rg2 Kf7 23. gxf5 gxf5 24. Ra5 Rd5 25. Ra4 a5
26. Rc4 Rd6 27. Rc5 Kf6 28. Rf2 Rad8 29. Rcxf5+ Kg6 30. Rxa5 Rxd2 31. c4
Rxf2+ 32. Kxf2 Rd2+ 33. Kg3 Re2 34. Kf4 Rxh2 35. Kxe4 h5 36. Rc5 Rxa2 37.
Rxc6+ Kg5 38. Rxc7 Rb2 39. Rb7 h4 40. c5 h3 41. Rh7 Kg4 42. c6 Rxb3 43. c7
Rc3 44. Kd4 Rc1 45. Kd5 Kg3 46. Kd6 h2 47. Kd7 Rd1+ 48. Ke6 Rc1 49. e4 Kg2
50. Rg7+ Kf2 51. Rh7 Kg2 52. Kd7 Rd1+ 53. Kc6 Rc1+ 54. Kb7 Rb1+ 55. Kc6
Rc1+ 56. Kd6 Rd1+ 57. Ke6 Rc1 58. e5 h1=Q 59. Rxh1 Kxh1 60. Kd7 Kg2 61. e6
Rd1+ 62. Kc8 Re1 63. Kd7 Rd1+ 64. Ke7 Rc1 65. Kd6 Rd1+ 66. Ke5 Re1+ 67. Kf6
Rf1+ 68. Kg7 Rc1 69. e7 Rxc7 70. Kf8 Rc8+ 71. e8=Q Rxe8+ 72. Kxe8 { Game
drawn because neither player has mating material } 1/2-1/2